 Dungeon Crawl Stone Soup version 0.26.1-10-gdfb7c7de75 (webtiles) character file.

Game seed: 18023258787767304864

33 lauthentik the Grave Robber (level 3, 0/24 HPs)
             Began as a Vampire Necromancer on Apr 9, 2021.
             Succumbed to an adder's poison
             ... on level 2 of the Dungeon.
             The game lasted 00:05:01 (998 turns).

lauthentik the Grave Robber (Vampire Necromancer)    Turns: 998, Time: 00:05:02

Health: 0/24       AC:  2    Str:  7    XL:     3   Next: 12%
Magic:  1/6        EV: 13    Int: 18    God:
Gold:   27         SH:  0    Dex: 14    Spells: 4/6 levels left

rFire    . . .     SeeInvis +   e - +0 club
rCold    . . .     Faith    .   (no shield)
rNeg     . . .     Spirit   .   a - +0 robe
rPois    .         Reflect  .   (no helmet)
rElec    .         Harm     .   (no cloak)
rCorr    .         Rampage  .   (no gloves)
Will     .....                  (no boots)
Stlth    ++........             (no amulet)
HPRegen  0.28/turn              (no ring)
MPRegen  0.10/turn              (no ring)

@: lethally poisoned (0 -> -5), regenerating quickly
A: fangs 3, see invisible, unbreathing
a: Exsanguinate


You were on level 2 of the Dungeon.
You visited 1 branch of the dungeon, and saw 2 of its levels.

You collected 27 gold pieces.

Inventory:

Hand Weapons
 e - a +0 club (weapon)
Armour
 a - a +0 robe (worn)
Scrolls
 c - a scroll of amnesia {unknown}
 f - 2 scrolls of identify {unknown}
 h - a scroll of teleportation {unknown}
 j - a scroll of fear {unknown}
 k - a scroll of remove curse {unknown}
Potions
 b - 2 potions of heal wounds {unknown}
 d - a potion of berserk rage {unknown}
 g - a potion of lignification {unknown}
 i - a potion of curing {unknown}


   Skills:
 + Level 0.1 Maces & Flails
 + Level 2.5 Dodging
 + Level 3.0 Stealth
 + Level 2.3 Spellcasting
 + Level 5.1 Necromancy


You had 4 spell levels left.
You knew the following spells:

 Your Spells              Type           Power        Failure   Level
a - Pain                  Necr           80%          2%          1
b - Animate Skeleton      Necr           40%          2%          1

Your spell library contained the following spells:

 Spells                   Type           Power        Failure   Level
 Vampiric Draining        Necr           10%          6%          3
 Animate Dead             Necr           10%          22%         4
 Agony                    Necr           20%          52%         5


Dungeon Overview and Level Annotations

Branches:
Dungeon (2/15)

Altars:


Innate Abilities, Weirdness & Mutations

Your natural rate of healing is unusually fast.
You have razor-sharp teeth.
You have supernaturally acute eyesight. (SInv)
You can survive without breathing.


Message History

The adder poisons you!
You hit the adder.
You kill the adder!
* * * LOW HITPOINT WARNING * * *
You feel sick.
You have reached level 3!
Your experience leads to an increase in your attributes!
Increase (S)trength, (I)ntelligence, or (D)exterity?
You feel clever.
If you were bloodless you could now transform into a vampire bat.
Keep bloodletting?
Uppercase [Y]es or [N]o only, please.
Keep bloodletting?
* * * LOW HITPOINT WARNING * * *
You feel sick.
You begin bloodletting.
You continue bloodletting.
* * * LOW HITPOINT WARNING * * *
You feel sick.
You continue bloodletting.
You die...

##########
#.....<..#
#........#
#...@†...#
#......).#
#...........!
#........##...
#.....?..# ..
#........# .
#..>.....#
##########


There were no monsters in sight!

Vanquished Creatures
  An adder (D:2)
  A dart slug (D:1)
  A ball python (D:1)
  3 giant cockroaches
  3 goblins
  6 hobgoblins
  A bat (D:1)
  A frilled lizard (D:1)
  4 rats (D:1)
21 creatures vanquished.

Notes
Turn   | Place    | Note
-------+----------+-------------------------------------------
     0 | D:1      | lauthentik the Vampire Necromancer began the quest for the
                  | Orb.
     0 | D:1      | Reached XP level 1. HP: 13/13 MP: 3/3
   232 | D:1      | Reached XP level 2. HP: 17/19 MP: 1/5
   470 | D:1      | Reached skill level 5 in Necromancy
   503 | D:1      | Learned a level 1 spell: Animate Skeleton
   996 | D:2      | Reached XP level 3. HP: 2/24 MP: 0/6
   997 | D:2      | HP: 1/24 [poisoned by an adder]
   998 | D:2      | Succumbed to an adder's poison

Illustrated notes

Levels and vault maps discovered:
D:1:      lightli_arrival_quake, layout_loops_ring, minmay_small_reverse_x
D:2:      layout_rooms, lemuel_doored_altar, lemuel_coloured_pillars_altar

Skill      XL: |  1  2 |
---------------+-------+-----
Necromancy     | 5 |  5.1
Maces & Flails | |  0.1
Dodging        | |  2.5
Stealth        | |  3.0
Spellcasting   | |  2.3

Action                   || total
-------------------------++-------
Melee: Club              ||    21
       Bite              ||     1
 Cast: Pain              ||    31
       Animate Skeleton  ||     2
 Abil: Exsanguinate      ||     1
Armor: Robe              ||     6
Dodge: Dodged            ||    20
